 Dungeon Crawl Stone Soup version 0.24-a0-530-g18ba70b503 (console) character file.

Game seed: 8589277003558957649

2239096 bgiannan the Conqueror (level 27, 179/179 HPs)
             Began as a Gargoyle Monk on Aug 7, 2019.
             Was the Champion of Okawaru.
             Escaped with the Orb
             ... and 4 runes on Aug 8, 2019!
             The game lasted 04:56:31 (79447 turns).

bgiannan the Conqueror (Gargoyle Monk)             Turns: 79447, Time: 04:56:31

Health: 179/179    AC: 67    Str: 39    XL:     27
Magic:  21/21      EV: 23    Int: 12    God:    Okawaru [******]
Gold:   6817       SH: 21    Dex: 18    Spells: 26/26 levels left

rFire    + + .     SeeInvis +   a - +9 eveningstar (crush)
rCold    + + +     Gourm    .   K - +5 shield of Okawaru's Esteem {rPois rF- Str+6 Dex+4}
rNeg     + + .     Faith    .   Y - +13 crystal plate armour of Fubinleth {-Cast rC++ Str+4}
rPois    ∞         Spirit   .   l - +2 hat {MR+}
rElec    +         Reflect  .   T - scarf {rC+ rF+}
rCorr    +         Harm     .   g - +2 pair of gloves of the Good {Dex+4 SInv}
MR       +++++     Clarity  +   r - +2 pair of boots {run} Stlth ..........Rnd*Tele +
                                p - amulet of the Four Winds {rN+ MR+++ Clar}
HPRegen  0.39/turn NoCast   +   k - ring of Trepidation {rF++ rCorr Str+2}
MPRegen  0.17/turn              F - ring of the Genius {+Inv MR+ Str+2}

@: flying, very slightly contaminated, quick
A: big wings, blurry vision 1, clumsy 1, deformed body, deterioration 1, frail
1, low mp 2, negative energy resistance 1, electricity resistance, teleportitis
1, weak 1, unbreathing, petrification resistance, no potion heal 1, rot
immunity, subdued magic 1, AC +20
0: Orb of Zot
}: 4/15 runes: barnacled, slimy, silver, gossamer
a: Stop Flying, Heroism, Finesse, Renounce Religion, Evoke Invisibility


You escaped.
You worshipped Okawaru.
Okawaru was exalted by your worship.
You were full.

You visited 11 branches of the dungeon, and saw 56 of its levels.
You visited 1 bazaar.
You also visited: Ossuary and Ice Cave.

You collected 8088 gold pieces.
You spent 1271 gold pieces at shops.

Inventory:

Hand Weapons
 a - a +9 eveningstar of crushing (weapon)
   (You took it off Donald on level 3 of the Shoals)
 b - the +6 fustibalus "Hymuipu" {venom, rN+ Dex+2}
   (Okawaru gifted it to you on level 11 of the Dungeon)

   It poisons the ammo it fires.
   It affects your dexterity (+2).
   It protects you from negative energy.
Missiles
 y - 3 silver javelins (quivered)
 H - 365 sling bullets
 Q - 19 javelins
Armour
 g - the +2 pair of gloves of the Good (worn) {Dex+4 SInv}
   (Okawaru gifted it to you on level 4 of the Shoals)

   It affects your dexterity (+4).
   It lets you see invisible.
 l - a +2 hat of magic resistance (worn)
   (Okawaru gifted it to you on level 2 of the Depths)
 r - a +2 pair of boots of running (worn)
   (Okawaru gifted it to you on level 1 of the Pits of Slime)
 K - the +5 shield of Okawaru's Esteem (worn) {rPois rF- Str+6 Dex+4}
   (Okawaru gifted it to you on level 2 of the Lair of Beasts)

   It affects your strength (+6).
   It affects your dexterity (+4).
   It makes you vulnerable to fire.
   It protects you from poison.
 T - a scarf of resistance (worn)
   (You acquired it on level 5 of the Lair of Beasts)
 Y - the +13 crystal plate armour of Fubinleth (worn) {-Cast rC++ Str+4}
   (You found it on level 6 of the Lair of Beasts)

   It affects your strength (+4).
   It greatly protects you from cold.
   It prevents spellcasting.
Jewellery
 d - an uncursed ring of protection from fire {rF+, !d}
   (You found it on level 1 of the Dungeon)
 k - the ring of Trepidation (left hand) {rF++ rCorr Str+2}
   (You took it off a yaktaur captain on level 5 of the Vaults)

   [ring of resist corrosion]

   It affects your strength (+2).
   It greatly protects you from fire.
   It provides partial protection from all sources of acid and corrosion.
 p - the amulet of the Four Winds (around neck) {rN+ MR+++ Clar}
   (You found it on level 12 of the Dungeon)

   [amulet of nothing]

   It protects you from negative energy.
   It affects your resistance to hostile enchantments.
   It protects you against confusion.
 F - the ring of the Genius (right hand) {+Inv MR+ Str+2}
   (You bought it in a shop on level 3 of the Vaults)

   [ring of protection from magic]

   It affects your strength (+2).
   It affects your resistance to hostile enchantments.
   It lets you turn invisible.
Wands
 h - a wand of acid (8)
   (You found it on level 1 of the Spider Nest)
 t - a wand of iceblast (36)
   (You found it on level 4 of the Dungeon)
 v - a wand of clouds (7)
   (You found it on level 11 of the Dungeon)
 z - a wand of paralysis (38)
   (You found it on level 3 of the Shoals)
 C - a wand of flame (51)
   (You took it off a hobgoblin on level 7 of the Dungeon)
 G - a wand of scattershot (13)
   (You found it on level 1 of the Elven Halls)
 S - a wand of digging (17)
   (You found it on level 5 of the Lair of Beasts)
 Z - a wand of disintegration (8)
   (You took it off an orc on level 4 of the Vaults)
Scrolls
 j - 2 scrolls of amnesia
 m - 6 scrolls of enchant armour
 n - 21 scrolls of teleportation
 o - 11 scrolls of blinking {!r}
 q - 5 scrolls of holy word {!r}
 A - 27 scrolls of remove curse
 E - 4 scrolls of identify
 L - 4 scrolls of magic mapping {!r}
 M - a scroll of enchant weapon
 O - 3 scrolls of summoning
 U - 5 scrolls of fear
 W - 2 scrolls of fog
Potions
 f - 3 potions of resistance
 s - 2 potions of heal wounds
 u - 3 potions of might
 w - 15 potions of curing
 x - 7 potions of agility
 B - 3 potions of berserk rage {!q}
 D - a potion of invisibility
 P - 7 potions of ambrosia
 R - 6 potions of cancellation
Comestibles
 c - 72 rations


   Skills:
 O Level 27 Fighting
 - Level 16.0 Maces & Flails
 - Level 13.7(15.7) Slings
 - Level 13.2(15.5) Throwing
 + Level 25.0 Armour
 + Level 21.4 Dodging
 - Level 2.1 Stealth
 - Level 15.0 Shields
 - Level 5.0 Invocations
 - Level 5.0 Evocations


You had 26 spell levels left.
You didn't know any spells.
Your spell library contained the following spells:

 Spells                   Type           Power        Failure   Level  Hunger
 Animate Skeleton         Necr           N/A          77%         1    ##.....
 Apportation              Tloc           #.....       77%         1    ##.....
 Beastly Appendage        Tmut           #.....       77%         1    ##.....
 Confusing Touch          Hex            #.....       77%         1    ##.....
 Corona                   Hex            #......      77%         1    ##.....
 Flame Tongue             Conj/Fire      #....        77%         1    ##.....
 Magic Dart               Conj           #...         77%         1    ##.....
 Sandblast                Erth           #.....       77%         1    ##.....
 Shock                    Conj/Air       #...         77%         1    ##.....
 Summon Small Mammal      Summ           #...         77%         1    ##.....
 Blink                    Tloc           N/A          89%         2    ###....
 Call Imp                 Summ           #.......     89%         2    ###....
 Corpse Rot               Necr           N/A          89%         2    ###....
 Ensorcelled Hibernation  Hex/Ice        #.....       89%         2    ###....
 Passwall                 Tmut/Erth      #.......     89%         2    ###....
 Poisonous Vapours        Pois/Air       #.....       89%         2    ###....
 Searing Ray              Conj           #.....       89%         2    ###....
 Slow                     Hex            #.......     89%         2    ###....
 Sticks to Snakes         Tmut           #.......     89%         2    ###....
 Swiftness                Chrm/Air       #.......     89%         2    ###....
 Throw Flame              Conj/Fire      #.....       89%         2    ###....
 Call Canine Familiar     Summ           #.......     98%         3    ####...
 Confuse                  Hex            #.......     98%         3    ####...
 Conjure Flame            Conj/Fire      #.......     98%         3    ####...
 Dazzling Spray           Conj/Hex       #.....       98%         3    ####...
 Gell's Gravitas          Tloc           #.........   98%         3    ####...
 Inner Flame              Hex/Fire       #.......     98%         3    ####...
 Mephitic Cloud           Conj/Pois/Air  #.......     98%         3    ####...
 Portal Projectile        Hex/Tloc       #.....       98%         3    ####...
 Spider Form              Tmut/Pois      #.........   98%         3    ####...
 Static Discharge         Conj/Air       #.......     98%         3    ####...
 Stone Arrow              Conj/Erth      #.....       98%         3    ####...
 Summon Guardian Golem    Hex/Summ       #.......     98%         3    ####...
 Tukima's Dance           Hex            #.......     98%         3    ####...
 Airstrike                Air            #.........   100%        4    #####..
 Cause Fear               Hex            #.........   100%        4    #####..
 Force Lance              Conj/Tloc      #.......     100%        4    #####..
 Fulminant Prism          Conj/Hex       #.........   100%        4    #####..
 Ice Form                 Ice/Tmut       #.......     100%        4    #####..
 Iskenderun's Mystic Bla  Conj           #.......     100%        4    #####..
 Leda's Liquefaction      Hex/Erth       #.........   100%        4    #####..
 Petrify                  Tmut/Erth      #.......     100%        4    #####..
 Sticky Flame             Conj/Fire      #.......     100%        4    #####..
 Summon Ice Beast         Ice/Summ       #.......     100%        4    #####..
 Summon Lightning Spire   Summ/Air       #.......     100%        4    #####..
 Agony                    Necr           #.......     100%        5    ######.
 Blade Hands              Tmut           #.........   100%        5    ######.
 Bolt of Draining         Conj/Necr      #.........   100%        5    ######.
 Bolt of Magma            Conj/Fire/Erth #.........   100%        5    ######.
 Borgnjor's Vile Clutch   Necr/Erth      #.........   100%        5    ######.
 Dispel Undead            Necr           #.......     100%        5    ######.
 Excruciating Wounds      Chrm/Necr      #.........   100%        5    ######.
 Fireball                 Conj/Fire      #.........   100%        5    ######.
 Irradiate                Conj/Tmut      #.........   100%        5    ######.
 Iskenderun's Battlesphe  Conj/Chrm      #.......     100%        5    ######.
 Lee's Rapid Deconstruct  Erth           #.........   100%        5    ######.
 Lightning Bolt           Conj/Air       #.........   100%        5    ######.
 Metabolic Englaciation   Hex/Ice        #.........   100%        5    ######.
 Silence                  Hex/Air        #.........   100%        5    ######.
 Venom Bolt               Conj/Pois      #.........   100%        5    ######.
 Yara's Violent Unravell  Hex/Tmut       #.........   100%        5    ######.
 Bolt of Cold             Conj/Ice       #.........   100%        6    #######
 Bolt of Fire             Conj/Fire      #.........   100%        6    #######
 Darkness                 Hex            #.........   100%        6    #######
 Deflect Missiles         Chrm/Air       #.........   100%        6    #######
 Freezing Cloud           Conj/Ice/Air   #.........   100%        6    #######
 Hydra Form               Tmut           #.........   100%        6    #######
 Invisibility             Hex            #.......     100%        6    #######
 Iron Shot                Conj/Erth      #.........   100%        6    #######
 Ozocubu's Refrigeration  Ice            #.........   100%        6    #######
 Shadow Creatures         Summ           N/A          100%        6    #######
 Simulacrum               Ice/Necr       #.........   100%        6    #######
 Dragon Form              Tmut           #.........   100%        7    #######
 Haunt                    Necr/Summ      #.........   100%        7    #######
 Malign Gateway           Summ/Tloc      #.........   100%        7    #######
 Monstrous Menagerie      Summ           #.........   100%        7    #######
 Orb of Destruction       Conj           #.........   100%        7    #######
 Spellforged Servitor     Conj/Summ      #.........   100%        7    #######
 Summon Greater Demon     Summ           #.........   100%        7    #######
 Borgnjor's Revivificati  Necr           #.........   100%        8    #######
 Death's Door             Chrm/Necr      #.........   100%        8    #######
 Discord                  Hex            #.........   100%        8    #######
 Infestation              Necr           #.........   100%        8    #######
 Necromutation            Tmut/Necr      #.........   100%        8    #######
 Summon Horrible Things   Summ           #.........   100%        8    #######
 Dragon's Call            Summ           #.........   100%        9    #######
 Shatter                  Erth           #.........   100%        9    #######
 Sublimation of Blood     Necr           Unusable     N/A         2    N/A
 Passage of Golubria      Tloc           Unusable     N/A         4    N/A
 Statue Form              Tmut/Erth      Unusable     N/A         6    N/A

Dungeon Overview and Level Annotations

Branches:
Dungeon (15/15)            Temple (0/1) D:5            Lair (6/6) D:8
 Shoals (4/4) Lair:2       Spider (4/4) Lair:3        Slime (5/5) Lair:5
    Orc (2/2) D:11            Elf (2/3) Orc:2        Vaults (5/5) D:13
  Crypt (3/3) Vaults:2       Tomb (0/3) Crypt:3      Depths (5/5) D:15
    Zot (5/5) Depths:5

Altars:
Dithmenos
Elyvilon
Fedhas
Gozag
Kikubaaqudgha
Makhleb
Nemelex Xobeh
Okawaru
Qazlal
Ru
Sif Muna
Uskayaw
Vehumet
Wu Jian
Xom
Yredelemnul
Zin
The Shining One
Beogh
Jiyva

Shops:
D:11 *   Orc:2 %[}*   Elf:2 }*(:   Vaults:3 }[*(   Vaults:5 (   Depths:1 ==}(
Depths:5 :*

Portals:
Hell: Depths:1 Depths:2 Depths:3 Depths:4 Depths:5
Abyss: Depths:4
Pandemonium: Depths:3
Ziggurat: Depths:2
Trove: Vaults:3 (give +4 shadow dragon scales)

Annotations:
D:10 1 runed translucent door, ssgaztpd's ghost, journeyman TrBe
D:11 3 runed translucent doors, mopl's ghost, novice DrFE
Lair:1 1 runed translucent door, Thantalas's ghost, novice TrMo
Lair:3 1 runed translucent door, anything's ghost, journeyman DsGl
Shoals:1 3 runed translucent doors, exclusion: 3 doors, ohados's ghost, adept GnGl
Slime:5 exclusion: upstairs
Depths:1 2 transporters, Vapsyabb's ghost, veteran GrFE
Depths:3 exclusion: door
Zot:1 exclusion: oklob plant


Innate Abilities, Weirdness & Mutations

You are resistant to torment.
Your stone body is resilient. (AC +20)
You are immune to poison.
Your large and strong wings let you fly indefinitely.
You resist negative energy. (rN+)
You are resistant to electric shocks. (rElec)
You can survive without breathing.
You are immune to petrification.
You are immune to rotting.
Scrolls take you a little longer to read.
You are clumsy. (Dex -2)
Armour fits poorly on your strangely shaped body.
Your body sometimes deteriorates upon taking damage.
You are frail. (-10% HP)
Your magical capacity is very low. (-20% MP)
You are occasionally teleported next to monsters.
You are weak. (Str -2)
Potions are less effective at restoring your health.
Your spells are a little easier to cast, but a little less powerful.


Message History

(N) Spider Nest (M) Slime Pits (O) Orcish Mines (E) Elven Halls (V) Vaults (C) Crypt (W) Tomb (U) Depths (H) Hell (Z) Zot
Where to? (* - list waypoints, Enter - D:1, ? - help)
There is a stone staircase leading up here.
You fly upwards.
Level annotation: 3 runed translucent doors, mopl's ghost, novice DrFE
There is a stone staircase leading down here.
Things that are here:
a +0 robe; a cursed +4 great sword A hellwing comes into view.
You see here 12 stones.
You regained 7 hp, and now have 168/179 hp.
There is a stone staircase leading up here.
You see here an arrow.
You fly upwards.
Level annotation: 1 runed translucent door, ssgaztpd's ghost, journeyman TrBe
There is a stone staircase leading down, spattered with blood here.
Things that are here:
a +0 robe; a +0 dagger
(D) Dungeon (T) Temple (L) Lair (A) Shoals (N) Spider Nest (M) Slime Pits (O) Orcish Mines (E) Elven Halls (V) Vaults (C) Crypt (W) Tomb (U) Depths (H) Hell (Z) Zot
Where to? (* - list waypoints, Enter - D:1, ? - help)
There is an open door here.
There is a stone staircase leading up here.
You fly upwards.
There is a stone staircase leading down here.
There is a stone staircase leading up here.
You fly upwards.
There is a stone staircase leading down here.
An orange demon, a chaos spawn, a pandemonium lord and a small abomination come into view.
Health restored: 179 The chaos spawn gives a hideous shriek!
You feel yourself speed up.
There is a stone staircase leading up here.
You fly upwards.
There is a stone staircase leading down here.
(D) Dungeon (T) Temple (L) Lair (A) Shoals (N) Spider Nest (M) Slime Pits (O) Orcish Mines (E) Elven Halls (V) Vaults (C) Crypt (W) Tomb (U) Depths (H) Hell (Z) Zot
Where to? (* - list waypoints, Enter - D:1, ? - help)
You see here 21 stones.
There is a stone staircase leading up here.
You fly upwards.
There is a stone staircase leading down here.
The bullfrog is too close now for your liking.
There is a stone staircase leading up here.
You fly upwards.
There is a stone staircase leading down here.
(D) Dungeon (T) Temple (L) Lair (A) Shoals (N) Spider Nest (M) Slime Pits (O) Orcish Mines (E) Elven Halls (V) Vaults (C) Crypt (W) Tomb (U) Depths (H) Hell (Z) Zot
Where to? (* - list waypoints, Enter - D:1, ? - help)
Your extra speed is starting to run out.
There is a stone staircase leading up here.
You fly upwards.
You feel yourself slow down.
There is a stone staircase leading down here.
There is a stone staircase leading up here.
You fly upwards.
There is a stone staircase leading down here.
A sun demon comes into view.
Things that are here:
a +0 chain mail; a +0 short sword
There is a stone staircase leading up here.
You block the sun demon's attack.
You fly upwards.
There is a stone staircase leading down here.
You impale the sun demon!! The sun demon closely misses you.
You pound the sun demon like an anvil!!!
You kill the sun demon!
Okawaru accepts your kill.
There is a stone staircase leading up here.
You fly upwards.
There is a stone staircase leading down here.
A sixfirhy comes into view.
You block the sixfirhy's attack. The sixfirhy hits you.
The sixfirhy shocks you. You resist.
The sixfirhy hits you but does no damage.
You take 4 damage, and have 175/179 hp.
You block the sixfirhy's attack. x2
You block the sixfirhy's attack. You block the sixfirhy's attack.
The sixfirhy hits you but does no damage.
The sixfirhy misses you. You block the sixfirhy's attack.
The sixfirhy hits you but does no damage.
The sixfirhy closely misses you. The sixfirhy closely misses you.
Health restored: 179 The sixfirhy completely misses you.
The sixfirhy barely misses you.
The sixfirhy hits you but does no damage.
You block the sixfirhy's attack.
There is a staircase leading out of the dungeon here.
You block the sixfirhy's attack.
You have escaped!

▒▒∙▒▒∙▒∙▒▒▒▒▒∙▒∙▒▒▒▒▒▒▒▒∙∙∙∙∙∙∙∙∙
▒▒∙▒▒∙▒∙▒▒▒▒▒∙∙∙∙∙∙∙∙▒▒▒▒▒▒▒▒▒▒▒∙
▒▒∙∙∙∙∙∙∙∙∙∙∙∙∙∙∙∙∙∙∙∙∙∙▒ ▒∙
▒▒∙∙▒∙▒∙▒▒▒▒▒∙∙∙▒▒▒▒∙▒▒∙▒▒▒ ▒▒∙
∙∙∙∙∙∙∙∙▒ ▒▒∙∙∙∙∙∙∙∙∙∙∙∙∙▒ ▒∙∙
▒∙∙∙▒∙▒>▒ ▒∙∙∙∙∙∙∙∙∙▒▒∙▒∙▒ ▒▒∙▒
▒∙∙∙∙∙∙∙▒ ▒∙∙⌠∙∙∙∙∙∙▒∙∙∙∙▒▒ ▒∙∙∙
∙∙∙∙∙∙▒▒▒▒▒▒∙∙∙∙∙∙∙∙∙∙∙∙∙^∙▒▒▒∙∙▒
▒)∙∙∙∙∙∙∙∙∙∙∙∙∙3@∙∩∙∙▒∙∙∙∙∙∙∙∙∙∙∙
▒∙▒▒▒∙▒▒▒▒▒▒∙∙∙∙∙∙∙∙∙▒▒∙∙∙∙∙∙∙∙∙∙
∙∙∙∙∙∙∙∙∙∙∙∙∙∙⌠∙∙∙∙∙∙▒▒▒▒▒▒▒▒∙∙∙▒
▒∙▒▒▒▒▒▒▒▒▒▒∙∙∙∙∙∙∙∙▒▒ ▒∙∙∙▒ ▒∙▒
▒▒∙∙∙∙∙∙∙▒ ▒∙∙∙∙ ▒∙▒▒▒▒▒▒
▒▒∙∙∙∙∙∙▒ ▒∙▒∙▒
▒∙∙∙∙∙∙▒▒▒▒▒▒▒∙∙∙∙∙∙▒▒▒ ▒∙▒∙▒
▒∙∙∙∙∙∙∙∙∙∙∙∙∙∙∙∙∙∙▒∙∙▒▒ ▒∙▒∙▒
∙∙∙∙∙∙∙▒▒▒▒▒▒▒∙∙▒∙▒▒▒∙∙▒▒▒▒▒▒∙▒∙▒


You could see a sixfirhy.

Vanquished Creatures
  the Royal Jelly (Slime:5)
  A pandemonium lord (Depths:4)
  8 orbs of fire
  Khufu (Crypt:2)
  8 ancient liches
  Bai Suzhen (Shoals:4)
  A greater mummy (Depths:3)
  2 Killer Klowns (Zot:5)
  Margery (Depths:2)
  10 caustic shrikes
  8 golden dragons
  Jory (Vaults:3)
  3 electric golems
  4 liches
  24 tentacled monstrosities
  4 titans
  6 quicksilver dragons
  28 Orb Guardians
  7 death cobs
  An Executioner (D:15)
  20 acid blobs
  3 ancient champions
  2 krakens
  5 sphinxes
  Kirke (Shoals:4)
  11 storm dragons
  9 shadow dragons
  Polyphemus (Shoals:3)
  3 tengu reavers
  Ilsuiw (Shoals:3)
  5 azure jellies
  6 revenants
  8 draconian monks
  Donald (Shoals:3)
  9 fire giants
  22 frost giants
  A deep elf sorcerer (Vaults:4)
  7 draconian scorchers
  4 draconian knights
  5 curse skulls
  6 emperor scorpions
  5 draconian shifters
  2 emperor scorpions (shapeshifter)
  7 vault wardens
  An iron dragon (Depths:4)
  5 ghost moths
  10 ironheart preservers
  3 spriggan defenders
  9 ghouls
  2 reapers (Crypt:1)
  12 draconian annihilators
  3 war gargoyles
  3 draconian stormcallers
  22 stone giants
  15 very ugly things
  24 vampire knights
  2 entropy weavers
  10 green draconians
  15 black draconians
  2 deep elf demonologists (Elf:1)
  15 white draconians
  A minotaur (Shoals:1)
  2 deep elf annihilators
  3 dire elephants (Lair:6)
  6 spark wasps
  A minotaur (shapeshifter) (Vaults:4)
  21 yellow draconians
  12 red draconians
  7 purple draconians
  19 ettins
  3 quicksilver dragon zombies (Crypt:3)
  3 eidola
  6 merfolk javelineers
  3 deep elf death magi
  4 death oozes
  A crystal guardian (Vaults:4)
  11 merfolk impalers
  8 fire dragons
  12 great orbs of eyes
  4 deep elf high priests
  17 yaktaur captains
  16 jiangshi
  9 ice dragons
  39 vault guards
  3 spriggan air magi
  An anaconda (Lair:6)
  A quicksilver dragon skeleton (Crypt:1)
  4 merfolk avatars
  4 catoblepae
  6 hydras
  5 rakshasas
  7 death knights
  4 satyrs
  5 merfolk aquamancers
  10 centaur warriors
  13 ogre magi
  7 death scarabs (Spider:4)
  8 death yaks
  4 tengu warriors
  29 two-headed ogres
  2 soul eaters
  14 deep troll earth magi
  12 vampire magi
  24 dancing weapons
  10 deep troll shamans
  5 orc high priests
  3 spriggan berserkers
  3 titan zombies (Crypt:3)
  3 storm dragon zombies (Crypt:3)
  17 deep elf knights
  A sun demon (D:2)
  13 hell knights
  A storm dragon skeleton (Crypt:1)
  Nergalle (D:10)
  4 iron trolls
  10 skeletal warriors
  5 shadow wraiths
  10 spriggans
  A golden dragon zombie (Crypt:2)
  A sixfirhy (Zot:3)
  4 glowing orange brains
  4 flayed ghosts
  41 deep trolls
  A glowing orange brain (shapeshifter) (Vaults:5)
  7 sea snakes
  3 unseen horrors (D:14)
  A spectral wolf spider (Spider:4)
  5 wizards
  18 orb spiders
  15 deep elf archers
  16 ironbrand convokers
  A wolf spider (shapeshifter) (Vaults:4)
  Pikel (D:5)
  A shadow dragon zombie (Crypt:3)
  17 orc knights
  12 harpies
  A fire giant zombie (Crypt:1)
  34 cyclopes
  11 necromancers
  23 phantasmal warriors
  2 wolf spider zombies (Spider:4)
  36 ugly things
  28 wolf spiders
  45 deep elf magi
  8 orc sorcerers
  4 shining eyes
  An orb spider (shapeshifter) (Vaults:2)
  2 frost giant zombies
  A mana viper (shapeshifter) (Vaults:3)
  21 fauns
  9 merfolk sirens
  A cyclops (shapeshifter) (Depths:2)
  15 manticores
  2 guardian serpents (Depths:2)
  22 moths of wrath
  A frost giant skeleton (Vaults:2)
  16 vault sentinels
  2 iron dragon skeletons
  5 elephants
  A guardian serpent (shapeshifter) (Vaults:2)
  2 elephants (shapeshifter)
  8 black mambas
  A smoke demon (Depths:4)
  2 fire giant skeletons
  3 eyes of devastation
  6 ice statues
  7 water nymphs
  2 torpor snails
  A yaktaur zombie (Vaults:2)
  A torpor snail (shapeshifter) (Vaults:4)
  A rime drake (Lair:4)
  A kobold demonologist (D:14)
  16 spiny frogs
  11 komodo dragons
  A komodo dragon (shapeshifter) (D:15)
  A rime drake (shapeshifter) (D:13)
  2 golden dragon simulacra (IceCv)
  3 anaconda simulacra
  A hellwing (Depths:1)
  2 redback zombies (Spider:4)
  16 demonic crawlers
  A hydra zombie (Crypt:3)
  An efreet (D:14)
  6 freezing wraiths
  7 trolls
  73 yaktaurs
  5 tengu conjurers
  A catoblepas skeleton (Crypt:1)
  A yaktaur skeleton (Vaults:1)
  A queen bee (D:11)
  A troll (shapeshifter) (Vaults:4)
  4 meliai (Shoals:1)
  26 jumping spiders
  A merfolk (shapeshifter) (D:13)
  2 polar bears
  Grinder (D:4)
  4 spectral tarantellas (Spider:4)
  16 hornets
  4 wind drakes
  25 merfolk
  A hydra skeleton (Crypt:1)
  4 bog bodies (Crypt:1)
  Prince Ribbit (D:4)
  18 blink frogs
  6 spectral jumping spiders (Spider:4)
  A queen bee (shapeshifter) (Depths:2)
  2 fire dragon zombies (Crypt:3)
  3 tarantella zombies (Spider:4)
  3 jumping spider zombies
  114 slime creatures
  2 raiju (shapeshifter)
  11 hippogriffs
  7 snapping turtles
  2 stone giant simulacra
  49 redbacks
  An air elemental (Elf:1)
  5 flying skulls (Crypt:1)
  16 wraiths
  A spriggan (shapeshifter) (Vaults:4)
  20 vampires
  22 water elementals
  A wyvern (D:14)
  A wyvern (shapeshifter) (Vaults:2)
  A ynoxinul (Zot:1)
  26 tarantellas
  A black mamba skeleton (Crypt:1)
  2 shadows
  2 humans (shapeshifter)
  35 yaks
  A basilisk (Lair:3)
  A fire elemental (Elf:1)
  5 hogs (Shoals:4)
  A fire bat (shapeshifter) (Vaults:1)
  4 golden eyes (Slime:5)
  A yaktaur simulacrum (Vaults:2)
  4 vampire mosquitoes
  A hungry ghost (D:14)
  Menkaure (D:7)
  2 harpy simulacra (IceCv)
  A warg (shapeshifter) (Vaults:2)
  13 wargs
  Edmund (D:4)
  An acid dragon (Vaults:1)
  2 hydra simulacra (IceCv)
  12 water moccasins
  3 spectral hornets (Spider:4)
  5 floating eyes
  16 porcupines
  12 ice beasts
  40 orc warriors
  A swamp dragon zombie (Crypt:2)
  A gelid demonspawn skeleton (Crypt:3)
  A snapping turtle zombie (Crypt:3)
  A black bear (shapeshifter) (Depths:3)
  2 sky beasts
  A hornet zombie (D:15)
  An ettin simulacrum (IceCv)
  3 phantoms
  4 slaves (D:5)
  6 necrophages
  8 wolves
  6 eyes of draining
  4 human skeletons
  A boggart (Depths:2)
  29 ogres
  41 centaurs
  20 crocodiles
  An octopode zombie (Crypt:1)
  19 bullfrogs
  A draconian zombie (Crypt:2)
  An elf zombie (Ossuary)
  13 big kobolds
  6 human zombies
  A wyvern zombie (Crypt:3)
  An earth elemental (Elf:2)
  A komodo dragon skeleton (Crypt:1)
  A water moccasin zombie (Crypt:1)
  A gnoll sergeant (D:11)
  A polar bear zombie (Crypt:3)
  A water moccasin skeleton (D:7)
  25 killer bees
  8 scorpions
  2 troll zombies
  9 wights
  4 electric eels
  2 howler monkeys
  7 crimson imps
  7 centaur zombies
  A demonspawn zombie (Crypt:1)
  7 hounds
  2 bullfrog skeletons
  An iron imp (Depths:1)
  22 jellies
  26 orc priests
  32 orc wizards
  5 centaur skeletons
  A black bear skeleton (Crypt:1)
  7 iguanas
  9 worker ants
  A felid zombie (Crypt:2)
  A naga zombie (Crypt:3)
  A big kobold zombie (Ossuary)
  5 hound zombies
  2 hound skeletons (D:11)
  10 mummies
  3 worker ant zombies
  A howler monkey zombie (D:6)
  12 gnolls
  A howler monkey skeleton (D:9)
  7 adders
  5 shadow imps
  An ooze (D:3)
  An adder skeleton (D:5)
  4 adder zombies (Ossuary)
  4 worms
  4 dart slugs
  6 leopard geckos
  98 orcs
  A ball python (D:3)
  3 giant cockroaches
  A gnoll zombie (Ossuary)
  7 goblins
  8 hobgoblins
  10 jackals
  3 quokkas
  6 bats
  5 frilled lizards
  A gnoll skeleton (Crypt:1)
  2 goblin zombies (Ossuary)
  2 hobgoblin zombies (Ossuary)
  40 kobolds
  8 kobold zombies (Ossuary)
  2 leopard gecko skeletons
  An orc zombie (Crypt:3)
  A quokka skeleton (D:5)
  5 quokka zombies
  6 rats
  A rat skeleton (Crypt:3)
  4 rat zombies (Ossuary)
  A spectral orc (D:2)
  4 plants
  A tentacle (Shoals:2)
2712 creatures vanquished.

Vanquished Creatures (collateral kills)
  2 death oozes (Slime:5)
2 creatures vanquished.

Vanquished Creatures (others)
  Asterion (Vaults:1)
  A ghost moth (Spider:4)
  2 ogre magi
  A merfolk aquamancer (Shoals:4)
  3 deep elf knights
  A deep elf mage (Elf:1)
  A wolf spider (Spider:4)
  A warg (Vaults:3)
  An orc wizard (Vaults:1)
  An orc (Depths:2)
  A fungus (Lair:2)
  34 plants
  10 tentacles
58 creatures vanquished.

Grand Total: 2772 creatures vanquished

Notes
Turn   | Place    | Note
-------+----------+-------------------------------------------
     0 | D:1      | bgiannan the Gargoyle Monk began the quest for the Orb.
     0 | D:1      | Reached XP level 1. HP: 14/14 MP: 1/1
   133 | D:1      | Reached XP level 2. HP: 19/19 MP: 2/2
   579 | D:1      | Reached XP level 3. HP: 16/24 MP: 3/3
   706 | D:1      | Reached skill level 4 in Fighting
   786 | D:1      | Found a glowing golden altar of the Shining One.
  1279 | D:2      | Found an iron altar of Okawaru.
  1479 | D:2      | Found a basalt altar of Yredelemnul.
  1592 | D:2      | Found a stormy altar of Qazlal.
  1675 | D:2      | Reached skill level 4 in Maces & Flails
  1675 | D:2      | Reached XP level 4. HP: 30/30 MP: 4/4
  1942 | D:2      | Found a deep blue altar of Sif Muna.
  1966 | D:2      | Found a burning altar of Makhleb.
  1971 | D:2      | Found an opulent altar of Gozag.
  1972 | D:2      | Found a sparkling altar of Nemelex Xobeh.
  1976 | D:2      | Found an ornate altar of the Wu Jian Council.
  2037 | D:2      | Became a worshipper of Warmaster Okawaru
  2037 | D:2      | Reached * piety under Okawaru
  2037 | D:2      | Reached ** piety under Okawaru
  2331 | D:3      | Reached skill level 5 in Fighting
  2331 | D:3      | Reached XP level 5. HP: 35/35 MP: 5/5
  2670 | D:4      | Noticed Edmund
  2691 | D:4      | Killed Edmund
  2691 | D:4      | Reached skill level 5 in Maces & Flails
  2691 | D:4      | Reached XP level 6. HP: 34/41 MP: 4/6
  2762 | D:4      | Reached skill level 6 in Fighting
  2996 | D:4      | Noticed Grinder
  3017 | D:4      | Killed Grinder
  3017 | D:4      | Reached *** piety under Okawaru
  3017 | D:4      | Reached skill level 6 in Maces & Flails
  3017 | D:4      | Reached XP level 7. HP: 28/47 MP: 7/7
  3166 | D:4      | Reached skill level 7 in Fighting
  3254 | D:4      | Found a blossoming altar of Fedhas.
  3375 | D:4      | Found an ancient bone altar of Kikubaaqudgha.
  3471 | D:4      | Got a polished flail
  3612 | D:4      | Reached XP level 8. HP: 53/53 MP: 8/8
  3820 | D:5      | Entered Level 5 of the Dungeon
  3826 | D:5      | Reached skill level 7 in Maces & Flails
  3831 | D:5      | Noticed Prince Ribbit
  3853 | D:4      | HP: 9/54 [Prince Ribbit (7)]
  3861 | D:4      | HP: 7/54 [Prince Ribbit (4)]
  3870 | D:4      | HP: 7/81 [Prince Ribbit (6)]
  3879 | D:4      | Killed Prince Ribbit
  3879 | D:4      | Reached skill level 8 in Fighting
  4285 | D:5      | Noticed Pikel
  4298 | D:5      | Killed Pikel
  4298 | D:5      | Reached **** piety under Okawaru
  4298 | D:5      | Reached skill level 9 in Fighting
  4298 | D:5      | Reached skill level 8 in Maces & Flails
  4298 | D:5      | Reached XP level 9. HP: 60/60 MP: 7/9
  4504 | D:5      | Found a sand-covered staircase.
  4510 | Ossuary  | Entered an ossuary
  4875 | Ossuary  | Reached skill level 9 in Maces & Flails
  5004 | D:5      | Identified the +6 flail of Kismet {crush, +Rage} (You found
                  | it on level 4 of the Dungeon)
  5243 | D:5      | Found a sparkling altar of Nemelex Xobeh.
  5275 | D:5      | Found a staircase to the Ecumenical Temple.
  5496 | D:6      | Reached skill level 10 in Fighting
  5919 | D:6      | Reached skill level 10 in Maces & Flails
  6048 | D:6      | Reached skill level 1 in Armour
  6062 | D:6      | Reached skill level 1 in Invocations
  6245 | D:6      | Reached ***** piety under Okawaru
  6245 | D:6      | Reached skill level 2 in Armour
  6245 | D:6      | Reached skill level 3 in Dodging
  6613 | D:7      | Noticed a hornet
  6622 | D:7      | Killed a hornet
  6622 | D:7      | Reached skill level 3 in Armour
  6622 | D:7      | Reached skill level 2 in Invocations
  6622 | D:7      | Reached XP level 10. HP: 59/68 MP: 8/11
  6692 | D:7      | Noticed Menkaure
  6713 | D:7      | Killed Menkaure
  6713 | D:7      | Reached skill level 4 in Dodging
  6728 | D:7      | Found a radiant altar of Vehumet.
  6738 | D:7      | Reached skill level 4 in Armour
  7056 | D:7      | Reached skill level 3 in Invocations
  7079 | D:7      | Found a shadowy altar of Dithmenos.
  7381 | D:8      | Reached skill level 5 in Armour
  7440 | D:8      | Received a gift from Okawaru
  7576 | D:8      | Reached skill level 5 in Dodging
  7632 | D:8      | Reached skill level 4 in Invocations
  7639 | D:8      | Reached skill level 6 in Armour
  7647 | D:8      | Found a staircase to the Lair.
  7865 | D:8      | Found a basalt altar of Yredelemnul.
  8200 | D:9      | Found a white marble altar of Elyvilon.
  8313 | D:9      | Found a shadowy altar of Dithmenos.
  8403 | D:9      | Found a sacrificial altar of Ru.
  8973 | D:10     | Entered Level 10 of the Dungeon
  9023 | D:10     | Reached XP level 11. HP: 68/72 MP: 6/14
  9033 | D:10     | Reached skill level 6 in Dodging
  9044 | D:10     | Reached skill level 7 in Armour
  9171 | D:10     | Reached skill level 5 in Invocations
  9323 | D:10     | Found a runed translucent door.
  9323 | D:10     | Noticed a red ugly thing
  9323 | D:10     | Noticed ssgaztpd's ghost (journeyman TrBe)
  9359 | D:10     | Reached skill level 8 in Armour
  9583 | D:11     | Noticed Nergalle
  9586 | D:11     | Noticed a spectral orc warlord
  9594 | D:11     | Noticed an eight-headed hydra
  9609 | D:10     | Killed an eight-headed hydra
  9609 | D:10     | Reached skill level 7 in Dodging
  9846 | D:10     | Killed Nergalle
 10027 | D:11     | Received a gift from Okawaru
 10042 | D:11     | Found Xawnuok's General Store.
 10045 | D:11     | Noticed a skeletal warrior
 10045 | D:11     | Noticed a phantasmal warrior
 10057 | D:11     | Reached skill level 9 in Armour
 10065 | D:11     | Killed a phantasmal warrior
 10075 | D:11     | Killed a skeletal warrior
 10075 | D:11     | Reached skill level 1 in Throwing
 10081 | D:11     | Noticed a death knight
 10088 | D:11     | HP: 17/72 [mirror damage (12)]
 10097 | D:11     | Killed a death knight
 10371 | D:11     | Found a staircase to the Orcish Mines.
 10401 | D:11     | Reached skill level 2 in Throwing
 10401 | D:11     | Reached skill level 8 in Dodging
 10446 | D:11     | Received a gift from Okawaru
 10446 | D:11     | Reached XP level 12. HP: 39/77 MP: 12/15
 10466 | D:11     | Reached skill level 10 in Armour
 10496 | D:11     | Got an ichor-stained fustibalus {god gift}
 10502 | D:11     | Identified the +6 fustibalus "Hymuipu" {venom, rN+ Dex+2}
                  | (Okawaru gifted it to you on level 11 of the Dungeon)
 10846 | D:11     | Reached skill level 3 in Throwing
 11035 | D:11     | Got a twisted scale mail
 11085 | D:11     | Found a runed translucent gate.
 11085 | D:11     | Found a runed translucent gate.
 11085 | D:11     | Found a runed translucent gate.
 11086 | D:11     | Noticed mopl's ghost (novice DrFE)
 11086 | D:11     | Identified the +5 dagger of the Dragonfly {elec, Dex+2}
 11225 | Lair:1   | Entered Level 1 of the Lair of Beasts
 11238 | D:8      | Identified the cursed +0 scale mail of Heresy {MR- Regen+
                  | rCorr Str+7} (You found it on level 11 of the Dungeon)
 11320 | Lair:1   | Reached skill level 1 in Shields
 11753 | Lair:1   | Found a shimmering altar of Xom.
 11753 | Lair:1   | Noticed Thantalas's ghost (novice TrMo)
 11754 | Lair:1   | Found a runed translucent door.
 11815 | Lair:1   | Reached skill level 9 in Dodging
 11835 | Lair:1   | Reached skill level 2 in Shields
 12275 | Lair:2   | Received a gift from Okawaru
 12276 | Lair:2   | Got a crude shield {god gift}
 12300 | Lair:2   | Identified the +5 shield of Okawaru's Esteem {rPois rF-
                  | Str+6 Dex+4} (Okawaru gifted it to you on level 2 of the
                  | Lair of Beasts)
 12324 | Lair:2   | Reached skill level 4 in Throwing
 12324 | Lair:2   | Reached skill level 3 in Shields
 12426 | Lair:2   | Reached skill level 1 in Slings
 12478 | Lair:2   | Reached skill level 4 in Shields
 12501 | Lair:2   | Found a staircase to the Shoals.
 12779 | Lair:2   | Reached skill level 2 in Slings
 13122 | Lair:3   | Reached skill level 5 in Shields
 13133 | Lair:3   | Reached ****** piety under Okawaru
 13158 | Lair:3   | Found a runed translucent door.
 13158 | Lair:3   | Noticed anything's ghost (journeyman DsGl)
 13303 | Lair:3   | Found a hole to the Spider Nest.
 13639 | Lair:3   | Reached skill level 10 in Dodging
 13639 | Lair:3   | Reached XP level 13. HP: 73/82 MP: 16/16
 13755 | Lair:3   | Reached skill level 6 in Shields
 13807 | Lair:3   | Reached skill level 3 in Slings
 14044 | Lair:4   | Reached skill level 7 in Shields
 14233 | Lair:4   | Identified a scroll of acquirement
 14252 | Lair:4   | Reached skill level 4 in Slings
 14301 | Lair:4   | Received a gift from Okawaru
 14315 | Lair:4   | Reached skill level 8 in Shields
 14374 | Lair:4   | You fall into a shaft and drop 2 floors!
 14374 | Lair:6   | Entered Level 6 of the Lair of Beasts
 14478 | Lair:6   | Received a gift from Okawaru
 14478 | Lair:6   | Reached skill level 9 in Shields
 14619 | Lair:5   | Got a fine buckler
 14620 | Lair:5   | Identified the +1 buckler of Idealism {rN+ rCorr Slay+2}
                  | (You found it on level 5 of the Lair of Beasts)
 15447 | Lair:5   | Reached skill level 10 in Shields
 15552 | Lair:5   | Found a staircase to the Slime Pits.
 16221 | Lair:6   | Received a gift from Okawaru
 16646 | Lair:6   | Reached skill level 11 in Fighting
 16646 | Lair:6   | Gained mutation: Your large and strong wings let you fly
                  | indefinitely. [Gargoyle growth]
 16646 | Lair:6   | Reached XP level 14. HP: 86/90 MP: 17/17
 16679 | Lair:6   | Reached skill level 11 in Maces & Flails
 17497 | Lair:6   | Noticed a dire elephant
 17516 | Lair:6   | Killed a dire elephant
 17666 | Lair:6   | Noticed a dire elephant
 17666 | Lair:6   | Noticed a dire elephant
 17681 | Lair:6   | Killed a dire elephant
 17689 | Lair:6   | Killed a dire elephant
 17707 | Lair:6   | Got a faintly humming crystal plate armour
 17710 | Lair:6   | Identified the +13 crystal plate armour of Fubinleth {-Cast
                  | rC++ Str+4} (You found it on level 6 of the Lair of Beasts)
 17995 | Orc:1    | Entered Level 1 of the Orcish Mines
 18005 | Orc:1    | Reached skill level 11 in Shields
 18096 | Orc:1    | Found a roughly hewn altar of Beogh.
 18102 | Orc:1    | Received a gift from Okawaru
 18465 | Orc:2    | Entered Level 2 of the Orcish Mines
 18481 | Orc:2    | Reached skill level 12 in Fighting
 18592 | Orc:2    | Found a staircase to the Elven Halls.
 19095 | Orc:2    | Reached skill level 12 in Maces & Flails
 19177 | Orc:2    | Received a gift from Okawaru
 19301 | Orc:2    | Found Dozaevaa's Food Boutique.
 19301 | Orc:2    | Found Hoixzax's General Store.
 19305 | Orc:2    | Found Cirastrem's Gadget Emporium.
 19305 | Orc:2    | Found Fexuej's Antique Armour Boutique.
 19556 | Orc:2    | Found a roughly hewn altar of Beogh.
 20230 | D:12     | Found the amulet of the Four Winds {rN+ MR+++ Clar}
 20624 | D:13     | Reached skill level 13 in Fighting
 20640 | D:13     | Reached XP level 15. HP: 55/98 MP: 18/18
 21264 | D:13     | Received a gift from Okawaru
 21443 | D:13     | Found a gate to the Vaults.
 21974 | D:14     | Reached skill level 13 in Maces & Flails
 22047 | D:14     | Reached skill level 12 in Shields
 22750 | D:15     | Entered Level 15 of the Dungeon
 22827 | D:15     | Found a staircase to the Depths.
 22850 | D:15     | Reached skill level 14 in Fighting
 23585 | D:15     | Received a gift from Okawaru
 24154 | Spider:1 | Entered Level 1 of the Spider Nest
 24451 | Spider:1 | Reached skill level 14 in Maces & Flails
 24491 | Spider:1 | Received a gift from Okawaru
 24498 | Spider:1 | Got a fine scale mail {god gift}
 25125 | Spider:1 | Reached XP level 16. HP: 99/107 MP: 19/19
 25370 | Spider:1 | Reached skill level 15 in Fighting
 25717 | Spider:2 | Reached skill level 13 in Shields
 26222 | Spider:2 | Reached skill level 5 in Slings
 26503 | Spider:2 | Received a gift from Okawaru
 26688 | Spider:2 | Reached skill level 15 in Maces & Flails
 27197 | Spider:3 | Reached skill level 6 in Slings
 27557 | Shoals:1 | Entered Level 1 of the Shoals
 28295 | Shoals:1 | Found a runed translucent gate.
 28421 | Shoals:1 | Reached skill level 14 in Shields
 28436 | Shoals:1 | Received a gift from Okawaru
 28608 | Shoals:1 | Found a runed translucent gate.
 28608 | Shoals:1 | Found a runed translucent gate.
 28612 | Shoals:1 | Noticed ohados's ghost (adept GnGl)
 28691 | Shoals:1 | Received a gift from Okawaru
 28719 | Shoals:1 | Found a hide-covered altar of Uskayaw.
 28724 | Shoals:1 | Found the +8 longbow "Zephyr" {speed, Dex+3 SInv}
 28855 | Shoals:1 | Reached XP level 17. HP: 108/113 MP: 20/20
 28961 | Shoals:2 | Reached skill level 11 in Armour
 29103 | Shoals:2 | Reached skill level 7 in Slings
 29690 | Shoals:2 | Noticed a kraken
 29711 | Shoals:2 | Killed a kraken
 29711 | Shoals:2 | Received a gift from Okawaru
 30222 | Shoals:3 | Reached skill level 15 in Shields
 30253 | Shoals:3 | Reached skill level 12 in Armour
 30334 | Shoals:3 | Noticed Ilsuiw
 30399 | Shoals:3 | Killed Ilsuiw
 30505 | Shoals:3 | Noticed Donald
 30521 | Shoals:3 | Killed Donald
 30521 | Shoals:3 | Received a gift from Okawaru
 30521 | Shoals:3 | Reached skill level 8 in Slings
 30944 | Shoals:3 | Reached skill level 13 in Armour
 30970 | Shoals:3 | Received a gift from Okawaru
 31042 | Shoals:3 | Noticed Polyphemus
 31060 | Shoals:3 | Killed Polyphemus
 31624 | Elf:1    | Entered Level 1 of the Elven Halls
 31641 | Elf:1    | Received a gift from Okawaru
 31833 | Elf:1    | Reached XP level 18. HP: 118/119 MP: 21/21
 31845 | Elf:1    | Found a frozen archway.
 31849 | IceCv    | Entered an ice cave
 32440 | Elf:1    | Reached skill level 11 in Dodging
 32917 | Elf:1    | Reached skill level 9 in Slings
 32917 | Elf:1    | Reached skill level 14 in Armour
 33579 | Elf:2    | Found a gateway to a bazaar.
 33586 | Bazaar   | Entered a bazaar
 33606 | Bazaar   | Found Gimil's Gadget Shoppe.
 33634 | Bazaar   | Found Wustraloi's Weapon Shoppe.
 33649 | Bazaar   | Found Anarejig's Jewellery Shoppe.
 33826 | Elf:2    | Found Guveimne's Gadget Shoppe.
 33884 | Elf:2    | Found Ivaypp's Book Boutique.
 33888 | Elf:2    | Found Iquox's Weapon Boutique.
 34050 | Elf:2    | Found Cyt Taloja's General Store.
 34275 | Elf:2    | Found a huge runed translucent gate.
 34275 | Elf:2    | Found a huge runed translucent gate.
 34275 | Elf:2    | Found a huge runed translucent gate.
 34284 | Elf:2    | Found a huge runed translucent gate.
 34286 | Elf:2    | Found a huge runed translucent gate.
 34576 | Elf:2    | Received a gift from Okawaru
 34811 | Elf:2    | Received a gift from Okawaru
 35320 | Spider:4 | Entered Level 4 of the Spider Nest
 35479 | Spider:4 | Reached skill level 15 in Armour
 35486 | Spider:4 | Reached skill level 12 in Dodging
 36101 | Spider:4 | Reached XP level 19. HP: 119/124 MP: 0/22
 36144 | Spider:4 | Reached skill level 10 in Slings
 36349 | Spider:4 | Received a gift from Okawaru
 36490 | Spider:4 | Got a faintly humming cloak
 36491 | Spider:4 | Identified the +2 cloak of Broken Taboos {rN+ Regen+ Str+2}
                  | (You found it on level 4 of the Spider Nest)
 36534 | Spider:4 | Received a gift from Okawaru
 36751 | Spider:4 | Received a gift from Okawaru
 36941 | Spider:4 | Got a gossamer rune of Zot
 37269 | Shoals:4 | Entered Level 4 of the Shoals
 37287 | Shoals:4 | Got a faintly glowing demon whip
 37288 | Shoals:4 | Identified the +1 demon whip "Viumpilipt" {elec, rPois rC+
                  | SInv} (You acquired it on level 4 of the Shoals)
 37476 | Shoals:4 | Noticed Kirke
 37488 | Shoals:4 | Killed Kirke
 37560 | Shoals:4 | Reached skill level 13 in Dodging
 37622 | Shoals:4 | Received a gift from Okawaru
 38116 | Shoals:4 | Noticed Bai Suzhen
 38129 | Shoals:4 | Killed Bai Suzhen
 38129 | Shoals:4 | Received a gift from Okawaru
 38133 | Shoals:4 | Got a pair of translucent gloves {god gift}
 38165 | Shoals:4 | Reached skill level 16 in Maces & Flails
 38468 | Shoals:4 | Identified the +1 robe of Indomitability {rElec MR+ Str-2}
 38540 | Shoals:4 | Got a barnacled rune of Zot
 38769 | Shoals:4 | Reached skill level 11 in Slings
 38948 | D:8      | Identified the +2 pair of gloves of the Good {Dex+4 SInv}
                  | (Okawaru gifted it to you on level 4 of the Shoals)
 39075 | Vaults:1 | Entered Level 1 of the Vaults
 39162 | Vaults:1 | Noticed Asterion
 39216 | Vaults:1 | Killed Asterion
 39216 | Vaults:1 | Reached XP level 20. HP: 114/129 MP: 19/23
 39269 | Vaults:1 | Reached skill level 14 in Dodging
 39543 | Vaults:1 | Received a gift from Okawaru
 39751 | Vaults:1 | Received a gift from Okawaru
 39926 | Vaults:1 | Received a gift from Okawaru
 40241 | Vaults:1 | Received a gift from Okawaru
 40250 | Vaults:1 | Found the +9 staff of Olgreb {rPois}
 40945 | Vaults:2 | Received a gift from Okawaru
 41310 | Vaults:2 | Found a staircase to the Crypt.
 41310 | Vaults:2 | Found a basalt altar of Yredelemnul.
 41311 | Vaults:2 | Found an ancient bone altar of Kikubaaqudgha.
 41476 | Vaults:2 | Reached skill level 16 in Fighting
 41696 | Vaults:2 | Received a gift from Okawaru
 41779 | Vaults:2 | Reached skill level 12 in Slings
 42157 | Vaults:3 | Found Joarph's Weapon Shoppe.
 42224 | Vaults:3 | Noticed Jory
 42257 | Vaults:3 | Killed Jory
 42257 | Vaults:3 | Received a gift from Okawaru
 42333 | Vaults:3 | Reached skill level 15 in Dodging
 42351 | Vaults:3 | Received a gift from Okawaru
 42391 | Vaults:3 | Reached XP level 21. HP: 98/137 MP: 22/24
 42515 | Vaults:3 | Reached skill level 17 in Fighting
 42784 | Vaults:3 | Received a gift from Okawaru
 42883 | Vaults:3 | Found a portal to a secret trove of treasure.
 42904 | Vaults:3 | Found Detut's Armour Emporium.
 42904 | Vaults:3 | Found Yjad's Gadget Emporium.
 42904 | Vaults:3 | Found Wuloduf's Assorted Antiques.
 43067 | Vaults:3 | Bought a heavily runed lapis lazuli ring for 130 gold
                  | pieces
 43067 | Vaults:3 | Bought a shimmering jade amulet for 130 gold pieces
 43612 | Vaults:4 | Received a gift from Okawaru
 43632 | Vaults:4 | Reached skill level 13 in Slings
 43654 | Vaults:4 | Reached skill level 18 in Fighting
 43991 | Vaults:4 | Noticed a golden dragon
 44111 | Vaults:4 | Killed a golden dragon
 45251 | Crypt:1  | Entered Level 1 of the Crypt
 45268 | Vaults:2 | Reached skill level 19 in Fighting
 45297 | Vaults:2 | Reached XP level 22. HP: 72/149 MP: 25/25
 45796 | Vaults:2 | Received a gift from Okawaru
 45889 | Crypt:1  | Received a gift from Okawaru
 46222 | Crypt:1  | Identified the amulet of the Sun {Acrobat rPois rF+ rN+
                  | Int+6} (You bought it in a shop on level 3 of the Vaults)
 46734 | Orc:2    | Bought a scroll of identify for 26 gold pieces
 46734 | Orc:2    | Bought a scroll of blinking for 97 gold pieces
 46734 | Orc:2    | Bought a scroll of identify for 26 gold pieces
 46734 | Orc:2    | Bought a scroll of teleportation for 39 gold pieces
 46734 | Orc:2    | Identified the ring of the Genius {+Inv MR+ Str+2} (You
                  | bought it in a shop on level 3 of the Vaults)
 47245 | Crypt:1  | Reached skill level 20 in Fighting
 47525 | Crypt:1  | Got a smoking golden ring
 47526 | Crypt:1  | Identified the ring "Pimuf" {Fire *Drain Str+4 Dex+2
                  | Stlth+} (You found it on level 1 of the Crypt)
 47809 | Crypt:2  | Received a gift from Okawaru
 48161 | Crypt:1  | Reached skill level 21 in Fighting
 49077 | Crypt:3  | Entered Level 3 of the Crypt
 49210 | Crypt:2  | Received a gift from Okawaru
 49335 | Crypt:2  | Reached skill level 1 in Evocations
 49514 | Crypt:2  | Reached skill level 2 in Evocations
 49631 | Crypt:3  | Noticed Khufu
 49681 | Crypt:2  | Killed Khufu
 49681 | Crypt:2  | Reached skill level 3 in Evocations
 49702 | Crypt:3  | Reached XP level 23. HP: 104/161 MP: 19/26
 49993 | Crypt:3  | Received a gift from Okawaru
 50208 | Crypt:3  | Found a staircase to the Tomb.
 50366 | Crypt:3  | Reached skill level 4 in Evocations
 50406 | Crypt:3  | Reached skill level 22 in Fighting
 50948 | Crypt:3  | Reached skill level 5 in Evocations
 51078 | Crypt:3  | Identified the Collected Works on Shifting Curses
 51650 | Depths:1 | Entered Level 1 of the Depths
 51693 | Depths:1 | Received a gift from Okawaru
 52135 | Depths:1 | Received a gift from Okawaru
 52189 | Depths:1 | Received a gift from Okawaru
 52452 | Depths:1 | Found Sasayff's Antique Weapon Emporium.
 52631 | Depths:1 | Found Siekloh's Gadget Shoppe.
 52631 | Depths:1 | Found Entyinyes's Jewellery Boutique.
 52632 | Depths:1 | Found Wasont's Jewellery Boutique.
 52642 | Depths:1 | Bought an uncursed ring of protection from fire for 550
                  | gold pieces
 52714 | Depths:1 | Found a transporter.
 52719 | Depths:1 | Noticed Vapsyabb's ghost (veteran GrFE)
 52720 | Depths:1 | Noticed a caustic shrike
 52720 | Depths:1 | Noticed a caustic shrike
 52723 | Depths:1 | Noticed a golden dragon
 52732 | Depths:1 | Found a transporter.
 53075 | Depths:1 | Found a gateway to Hell.
 53264 | Depths:2 | Paralysed by a floating eye for 3 turns
 53292 | Depths:2 | Noticed Margery
 53338 | Depths:2 | Killed Margery
 53366 | Depths:2 | Found a glowing silver altar of Zin.
 53399 | Depths:2 | Reached skill level 5 in Throwing
 53407 | Depths:2 | Reached skill level 16 in Armour
 53494 | Depths:2 | Reached XP level 24. HP: 165/169 MP: 26/26
 53647 | Depths:2 | Paralysed by a floating eye for 2 turns
 53689 | Depths:2 | Received a gift from Okawaru
 53689 | Depths:2 | Reached skill level 6 in Throwing
 53984 | Depths:2 | Got a scorched glass ring
 54174 | Depths:2 | Found a gateway to a ziggurat.
 54320 | Depths:2 | Got a slimy ivory ring
 54434 | Depths:2 | Reached skill level 16 in Dodging
 54455 | Depths:2 | Got an opal-encrusted chain mail
 54496 | Depths:2 | Reached skill level 7 in Throwing
 54502 | Depths:2 | Identified the Papyrus of Enchanting Lightness
 54520 | Depths:2 | Reached skill level 17 in Armour
 54552 | Depths:2 | Got an ancient gossamer ring
 54869 | D:8      | Identified the ring "Xumnuggu" {MR++ Int+4 Stlth+} (You
                  | found it on level 2 of the Depths)
 54873 | D:8      | Identified the cursed ring "Riuzxed" {+Fly Str+3 Int-3}
                  | (You found it on level 2 of the Depths)
 54876 | D:8      | Identified the ring "Qacloodgh" {rC+ Int+3} (You found it
                  | on level 2 of the Depths)
 55110 | Depths:3 | Found a one-way gate leading to the halls of Pandemonium.
 55264 | Depths:3 | Received a gift from Okawaru
 55939 | Depths:3 | Received a gift from Okawaru
 55991 | Depths:3 | Received a gift from Okawaru
 56009 | Depths:3 | Reached skill level 8 in Throwing
 56046 | Depths:3 | Reached skill level 18 in Armour
 56228 | Depths:3 | Reached XP level 25. HP: 160/175 MP: 26/26
 56828 | Depths:3 | Noticed a greater mummy
 56846 | Depths:3 | Killed a greater mummy
 57274 | Vaults:3 | Bought a scroll of teleportation for 78 gold pieces
 57274 | Vaults:3 | Bought a scroll of enchant weapon for 195 gold pieces
 57867 | Depths:4 | Found a one-way gate to the infinite horrors of the Abyss.
 57917 | Depths:4 | Reached skill level 9 in Throwing
 58125 | Depths:4 | Paralysed by a floating eye for 3 turns
 58190 | Depths:4 | Received a gift from Okawaru
 58193 | Depths:4 | Got an encrusted dire flail {god gift}
 58197 | Depths:4 | Identified the +5 dire flail of the Spheres {venom, rN+
                  | Dex+4} (Okawaru gifted it to you on level 4 of the Depths)
 58474 | Depths:4 | Reached skill level 23 in Fighting
 59004 | Depths:5 | Entered Level 5 of the Depths
 59023 | Depths:4 | Received a gift from Okawaru
 59023 | Depths:4 | Reached skill level 19 in Armour
 59114 | Depths:5 | Reached skill level 10 in Throwing
 59126 | Depths:5 | Reached skill level 17 in Dodging
 59250 | Depths:5 | Found Copear's Book Boutique.
 59263 | Depths:5 | Found Dufrirph's Pet Rocks.
 59452 | Depths:5 | Received a gift from Okawaru
 59452 | Depths:5 | Reached XP level 26. HP: 125/183 MP: 26/26
 59455 | Depths:5 | Got a heavily runed helmet {god gift}
 59691 | Depths:5 | Identified the +0 helmet of Okawaru's Displeasure {rPois}
                  | (Okawaru gifted it to you on level 5 of the Depths)
 59778 | Depths:5 | Found a gate to the Realm of Zot.
 61160 | Vaults:5 | Entered Level 5 of the Vaults
 61293 | Vaults:4 | Reached skill level 11 in Throwing
 61756 | Vaults:5 | Noticed an ancient lich
 62028 | Vaults:4 | Received a gift from Okawaru
 62443 | Vaults:4 | Reached skill level 20 in Armour
 62452 | Vaults:5 | Noticed an ancient lich
 62467 | Vaults:4 | Killed an ancient lich
 62581 | Vaults:4 | Killed an ancient lich
 62670 | Vaults:4 | Reached skill level 24 in Fighting
 62782 | Vaults:5 | Identified the +2 broad axe of Kiasasu {flame, rPois Int-2
                  | Dex+4}
 62947 | Vaults:5 | Identified the +5 plate armour "Zeunoy" {Str+2}
 63012 | Vaults:5 | Reached skill level 12 in Throwing
 63442 | Vaults:5 | Reached XP level 27. HP: 180/190 MP: 26/26
 63488 | Vaults:5 | Found Gajeskeb's Weapon Boutique.
 63493 | Vaults:5 | Identified the ring of Trepidation {rF++ rCorr Str+2}
 63540 | Vaults:5 | Got a scorched helmet
 63541 | Vaults:5 | Identified the +0 helmet of the Bull {-Tele Str-5 Int+10
                  | SInv} (You found it on level 5 of the Vaults)
 63710 | Vaults:5 | Reached skill level 18 in Dodging
 63838 | Vaults:5 | Got a silver rune of Zot
 64557 | Slime:1  | Entered Level 1 of the Pits of Slime
 64760 | Slime:1  | Gained mutation: Your mind is acute. (Int +2) [a shining
                  | eye]
 64761 | Slime:1  | Gained mutation: Armour fits poorly on your strangely
                  | shaped body. [a shining eye]
 64772 | Slime:1  | Received a gift from Okawaru
 66071 | Slime:5  | Entered Level 5 of the Pits of Slime
 66613 | Slime:5  | Gained mutation: You are weak. (Str -2) [a shining eye]
 66617 | Slime:5  | Gained mutation: Your magical capacity is low. (-10% MP) [a
                  | shining eye]
 66619 | Slime:5  | Paralysed by a floating eye for 4 turns
 66625 | Slime:5  | Gained mutation: Scrolls take you a little longer to read.
                  | [a shining eye]
 66629 | Slime:5  | Paralysed by a floating eye for 2 turns
 66638 | Slime:5  | Paralysed by a floating eye for 2 turns
 66643 | Slime:5  | Gained mutation: Your magical capacity is very low. (-20%
                  | MP) [a shining eye]
 66735 | Slime:5  | Paralysed by a floating eye for 2 turns
 66742 | Slime:5  | Paralysed by a floating eye for 2 turns
 66750 | Slime:5  | Paralysed by a floating eye for 4 turns
 66758 | Slime:5  | Paralysed by a floating eye for 4 turns
 66765 | Slime:5  | Paralysed by a floating eye for 2 turns
 67134 | Slime:5  | Noticed the Royal Jelly
 67145 | Slime:5  | Found a viscous altar of Jiyva.
 67162 | Slime:5  | Killed the Royal Jelly
 67162 | Slime:5  | Reached skill level 13 in Throwing
 67162 | Slime:5  | Reached skill level 21 in Armour
 67190 | Slime:5  | Got a slimy rune of Zot
 67310 | Slime:5  | Got an ancient cloak
 67684 | D:8      | Identified the +2 cloak "Meywic" {rElec MP+9} (You found it
                  | on level 5 of the Pits of Slime)
 67724 | D:8      | Identified a +2 pair of boots of running (Okawaru gifted it
                  | to you on level 1 of the Pits of Slime)
 68050 | Zot:1    | Entered Level 1 of the Realm of Zot
 69377 | Zot:1    | Received a gift from Okawaru
 69385 | Zot:1    | Got a pair of fine gloves {god gift}
 69422 | Zot:1    | HP: 41/192 [acid (10)]
 69429 | Zot:1    | HP: 35/192 [acid (8)]
 70523 | D:8      | Identified the +5 pair of gloves "Posopp" {rN+ Str+4 Dex+3
                  | Slay-4} (Okawaru gifted it to you on level 1 of the Realm
                  | of Zot)
 71081 | Zot:1    | Reached skill level 25 in Fighting
 72227 | Zot:2    | Reached skill level 19 in Dodging
 72657 | Zot:2    | Reached skill level 22 in Armour
 72728 | Zot:2    | Received a gift from Okawaru
 74465 | Zot:4    | Received a gift from Okawaru
 74689 | Zot:4    | Noticed an orb of fire
 74695 | Zot:4    | Gained mutation: You are frail. (-10% HP) [an orb of fire]
 74707 | Zot:4    | Killed an orb of fire
 74707 | Zot:4    | Reached skill level 26 in Fighting
 75621 | Zot:4    | Received a gift from Okawaru
 75732 | Zot:5    | Entered Level 5 of the Realm of Zot
 75743 | Zot:4    | Reached skill level 23 in Armour
 76230 | Zot:5    | Received a gift from Okawaru
 76298 | Zot:5    | Reached skill level 20 in Dodging
 76325 | Zot:5    | Received a gift from Okawaru
 76632 | Zot:5    | Noticed an ancient lich
 76639 | Zot:5    | Killed an ancient lich
 77087 | Zot:5    | Noticed an ancient lich
 77108 | Zot:5    | Killed an ancient lich
 77446 | Zot:5    | Noticed an orb of fire
 77454 | Zot:5    | Killed an orb of fire
 77482 | Zot:5    | Received a gift from Okawaru
 77656 | Zot:5    | Noticed an orb of fire
 77665 | Zot:5    | Noticed an ancient lich
 77675 | Zot:5    | Killed an orb of fire
 77690 | Zot:5    | Killed an ancient lich
 77914 | Zot:5    | Received a gift from Okawaru
 78005 | Zot:5    | Noticed an orb of fire
 78021 | Zot:5    | Killed an orb of fire
 78217 | Zot:5    | Reached skill level 27 in Fighting
 78226 | Zot:5    | Reached skill level 24 in Armour
 78320 | Zot:5    | Noticed an ancient lich
 78320 | Zot:5    | Noticed an orb of fire
 78321 | Zot:5    | Noticed an orb of fire
 78327 | Zot:5    | Killed an ancient lich
 78329 | Zot:5    | Killed an orb of fire
 78330 | Zot:5    | Noticed an orb of fire
 78332 | Zot:5    | Gained mutation: Your spells are a little easier to cast,
                  | but a little less powerful. [an orb of fire]
 78333 | Zot:5    | Killed an orb of fire
 78333 | Zot:5    | Received a gift from Okawaru
 78333 | Zot:5    | Reached skill level 21 in Dodging
 78344 | Zot:5    | Noticed an orb of fire
 78347 | Zot:5    | Killed an orb of fire
 78347 | Zot:5    | Received a gift from Okawaru
 78354 | Zot:5    | Gained mutation: Potions are less effective at restoring
                  | your health. [an orb of fire]
 78355 | Zot:5    | Gained mutation: Your body sometimes deteriorates upon
                  | taking damage. [an orb of fire]
 78359 | Zot:5    | Lost mutation: Your mind is acute. (Int +2) [an orb of
                  | fire]
 78366 | Zot:5    | Gained mutation: You are occasionally teleported next to
                  | monsters. [an orb of fire]
 78373 | Zot:5    | Killed an orb of fire
 78485 | Zot:5    | Noticed an ancient lich
 78499 | Zot:5    | Killed an ancient lich
 78725 | Zot:5    | Got the Orb of Zot
 78804 | Zot:4    | Noticed an ancient lich
 78804 | Zot:4    | Noticed Fibribed the pandemonium lord
 78820 | Zot:4    | Killed an ancient lich
 78910 | Zot:2    | Noticed Gocivah the pandemonium lord
 79018 | Depths:4 | Noticed Wutofaux the pandemonium lord
 79032 | Depths:4 | Killed Wutofaux the pandemonium lord
 79032 | Depths:4 | Received a gift from Okawaru
 79113 | Depths:1 | Reached skill level 25 in Armour
 79256 | D:13     | Gained mutation: You are clumsy. (Dex -2) [a cacodemon]
 79312 | D:8      | Noticed Qerynedd the pandemonium lord
 79447 | D:$      | Escaped with the Orb!

Levels and vault maps discovered:
D:1:      wander_arrival_desolate, layout_loops_ring,
          chequers_serial_rivers_micro_a, serial_park_tiny_2, tso_metal_star
D:2:      minmay_inner_zag, layout_basic, yredelemnul_forgotten_temple_becter,
          led_sif_pool, minitemple, nicolae_qazlal_general_emergency,
          okawaru_gym_becter, first_ration, corexii_shack
D:3:      layout_rooms
D:4:      minmay_diamond_boxcup, layout_basic, old_standard_altar,
          minmay_misc_feat_plants, dk_noncrumbling_3, fedhas_altar_fruit_tree,
          uniq_edmund, uniq_grinder
D:5:      layout_basic, minmay_temple_entry_crystal_x,
          nicolae_ossuary_entry_plus, hangedman_decor_push, minivault_19,
          nemelex_lonely_heart_becter, uniq_pikel, uniq_prince_ribbit1
D:6:      layout_gridville
D:7:      layout_basic, vehumet_altar_wand_db, kennysheep_mini, grunt_ogre_cave,
          minivault_27, uniq_menkaure
D:8:      layout_loops_ring, erik_lair_orcish_takeover,
          yredelemnul_altar_generic
D:9:      layout_basic, hangedman_ru_absence, lemuel_round_altar,
          grunt_dithmenos_shadows
D:10:     layout_roguey, ebering_ghost_inner_flame
D:11:     layout_rooms, kennysheep_orc_monster_closet_entryway, serial_shops,
          shop, gammafunk_ghost_nasty_kobolds, moated_statue, minivault_7,
          uniq_nergalle
D:12:     layout_rooms
D:13:     layout_stronghold, david_vaults_4
D:14:     layout_cave_pods
D:15:     hangedman_depths_entry_civil_slaughter, layout_irregular_city,
          minmay_misc_feat_four_crosses
Lair:1:   layout_long_grid, ebering_ghost_xom, chequers_serial_rivers_room_b,
          nicolae_quartered_pool_medium
Lair:2:   layout_loops_ring, minmay_shoals_entry_centaurs, beast_lair_carwin_7
Lair:3:   layout_hall_layers, dummy_spider_entry, ebering_ghost_inner_flame,
          beast_lair_carwin_2, lemuel_fruit_tree
Lair:4:   layout_long_grid, gauntlet_entry_generic, grunt_megastairs_2
Lair:5:   layout_regular_city, minmay_slime_entry_pillars
Lair:6:   due_jungle_book, layout_long_grid, hangedman_lair_generics_rect
Shoals:1: layout_shoals, gammafunk_ghost_tricky_traps, regret_index_shoals_crete
Shoals:2: layout_shoals
Shoals:3: layout_shoals, st_shoals_ruin, uniq_polyphemus, uniq_donald,
          uniq_ilsuiw
Shoals:4: shoals_end_grunt_ice, layout_shoals, uniq_bai_suzhen, uniq_kirke
Spider:1: layout_spider_delve
Spider:2: layout_spider_delve
Spider:3: layout_spider_delve
Spider:4: floodkiller_spider_rune_tomb
Slime:1:  layout_caves
Slime:2:  layout_caves
Slime:3:  layout_caves
Slime:4:  layout_caves
Slime:5
Orc:1:    layout_diamond_mine, david_defended_altar_orc
Orc:2:    grunt_orc_tribal_feast, layout_caves, minmay_orc_temple_c
Elf:1:    eino_elf_arrival_customs, layout_geoelf_diagonals,
          portal_ice_cave_entry_pillars_three, kennysheep_underground_church,
          nicolae_elf_m_pinch, minmay_misc_feat_rows,
          roderic_lattice_octagonal_star
Elf:2:    layout_geoelf_octagon, serial_co_window_serial, co_window_paths_b,
          co_window_paths_a, co_window_paths_a, co_window_corner_a,
          co_window_cross_1, co_window_2corner, co_window_2corner,
          co_window_of_opportunity_c, glass_columns_a, serial_shops, statue_bzr,
          shop_fountains, shop_statue, nicolae_shop_crystal, shop
Vaults:1: v_pattern_4, vaults_room_grunt_arrival_checkpoint,
          nicolae_vaults_what_the_h, ontoclasm_vaults_decontamination,
          vaults_standard_mumra_x, nicolae_vaults_circle_grid_a,
          layout_vaults_omnigrid, uniq_asterion
Vaults:2: minmay_crypt_entry_necro_gods, nicolae_vaults_quadrants,
          nicolae_vaults_alarming, grunt_vaults_swirl, hangedman_vaults_locks,
          vaults_room_door_hall, layout_vaults_big_cross
Vaults:3: hangedman_vaults_hard_town_square, ontoclasm_vaults_pinch, v_misc_8,
          nicolae_vaults_little_squares_4, vaults_room_fours,
          vaults_room_semicircle, v_rooms_2, v_misc_27, layout_vaults_big_room,
          nicolae_trove_entry_diagonal, serial_shops, nicolae_shop_trees,
          uniq_jory
Vaults:4: nicolae_vaults_puzzle_piece, hangedman_vaults_pinch,
          nicolae_vaults_circle_grid_b, vaults_room_grid,
          nicolae_vaults_network_quinsquares
          [nicolae_vaults_network_quincunx_subvault,
          nicolae_vaults_network_quincunx_subvault,
          nicolae_vaults_network_quincunx_subvault,
          nicolae_vaults_network_quincunx_subvault],
          nicolae_vaults_network_barrier, nicolae_vaults_puzzle_piece,
          nicolae_vaults_border_crossing, nicolae_vaults_murderbox,
          vaults_dpeg_encased_lava, vaults_mumra_chevron_long,
          layout_vaults_maze_bifur
Vaults:5
Crypt:1:  grunt_deathspiral_small, layout_rooms
Crypt:2:  layout_catacombs
Crypt:3:  due_elkab, layout_chaotic_city, small_statue_intersection, uniq_khufu
Depths:1: layout_roguey, grunt_hell_entry_dis_old, serial_shops, shop,
          gammafunk_ghost_berserking_beasts, corexii_corridor_pit, minislime_mu,
          minmay_shop_grove, grunt_megastairs_4, serial_bayou_shore_a,
          firewood_loft, serial_bayou_shore_b
Depths:2: hangedman_spin_cycle, hell_entry
Depths:3: lemuel_castle_with_subvaults [lemuel_castle_interior_original],
          layout_gridlike, pan_entry, pf_hell_entry_tar_spiral,
          minmay_misc_feat_square, minmay_librarian, serial_bayou_shore_b
Depths:4: minmay_bloctagon_deflated, layout_gridlike, hell_entry,
          abyss_entry_crystal, kennysheep_random_hallway,
          infiniplex_staircase_pool_1
Depths:5: grunt_zot_entry_tricorne, layout_honeycomb, serial_shops, shop,
          hell_entry, grunt_decor_cap, guppyfry_shop_earth
Zot:1:    lemuel_acid_trip, layout_onion_interference, grunt_ministairs_2
Zot:2:    layout_misc_corridors
Zot:3:    layout_basic
Zot:4:    layout_gridville, st_single_dragon_hoard_1
Zot:5:    layout_concentric_octagons

Skill      XL: |  1  2  3  4  5  6  7  8  9 10 11 12 13 14 15 16 17 18 19 20 21 22 23 24 25 26 27 |
---------------+----------------------------------------------------------------------------------+-----
Fighting       | 4 5 6 7 9 10 11 13 14 15 16 19 21 22 23 24 27 | 27.0
Maces & Flails | 4 5 6 8 10 12 14 15 16 | 16.0
Armour         | 3 6 9 10 13 15 16 18 19 20 25 | 25.0
Invocations    | 2 4 5 |  5.0
Dodging        | 3 5 8 10 12 13 15 16 17 21 | 21.4
Throwing       | 2 4 5 8 10 12 13 | 13.2
Shields        | 5 10 11 12 14 15 | 15.0
Slings         | 2 4 6 8 9 11 12 13 | 13.7
Evocations     | 3 5 |  5.0
Stealth        | |  2.1

Action                   |  1- 3 |  4- 6 |  7- 9 | 10-12 | 13-15 | 16-18 | 19-21 | 22-24 | 25-27 || total
-------------------------+-------+-------+-------+-------+-------+-------+-------+-------+-------++-------
Melee: Mace              |    87 |    86 |       |       |       |       |       |       |       ||   173
       Flail             |       |    61 |   440 |   447 |  1113 |   612 |       |       |       ||  2673
       Punch             |       |       |     2 |       |       |       |       |       |       ||     2
       Dire flail        |       |       |       |   371 |       |       |       |       |       ||   371
       Fustibalus        |       |       |       |       |     2 |     5 |       |       |     7 ||    14
       Eveningstar       |       |       |       |       |       |   662 |  1383 |  1482 |  2573 ||  6100
 Fire: Fustibalus        |       |       |       |    54 |   486 |   638 |   558 |   408 |   438 ||  2582
Throw: Dart              |    28 |    64 |    59 |       |       |       |       |       |       ||   151
       Boomerang         |       |       |    80 |   179 |     2 |       |       |       |       ||   261
       Javelin           |       |       |       |       |    77 |   165 |   329 |   201 |   261 ||  1033
Invok: Heroism           |       |     3 |     6 |     5 |     7 |     8 |     4 |     6 |    12 ||    51
       Finesse           |       |       |       |     4 |     6 |     6 |     7 |     7 |    16 ||    46
 Abil: Fly               |       |       |       |       |     1 |       |       |       |       ||     1
       Evoke Berserk Rag |       |       |       |       |     1 |       |       |       |       ||     1
  Use: Scroll            |     3 |     2 |    10 |    11 |    23 |    12 |    10 |    17 |    18 ||   106
       Potion            |       |       |     6 |     5 |     1 |     2 |     3 |     3 |    23 ||    43
 Stab: Sleeping          |     4 |       |       |       |       |       |       |       |       ||     4
       Invisible         |       |       |       |     3 |       |       |       |       |     2 ||     5
  Eat: Chunk             |     1 |     6 |     5 |     9 |    12 |    11 |    15 |     7 |    23 ||    89
       Ration            |       |       |     2 |     5 |     7 |     7 |     5 |     8 |    18 ||    52
Armor: Robe              |    16 |       |       |       |       |       |       |       |       ||    16
       Plate armour      |    13 |    94 |   286 |   453 |   121 |       |       |       |       ||   967
       Skin              |       |       |     8 |       |       |       |       |       |       ||     8
       Crystal plate arm |       |       |       |       |   322 |  1003 |   559 |   646 |  1202 ||  3732
Dodge: Dodged            |    44 |    29 |   101 |   256 |   289 |   580 |   471 |   608 |  1355 ||  3733
Block: Other             |       |       |       |    62 |       |       |       |       |       ||    62
       Reflection        |       |       |       |    16 |     1 |       |       |       |       ||    17
       Shield            |       |       |       |   171 |  1037 |  1678 |  1241 |  1405 |  2432 ||  7964

Table legend:
 A = Non-vault XP
 B = Vault XP
 C = Vault XP percentage of total XP
 D = Non-vault monster count
 E = Vault monster count
 F = Vault count percentage of total count
                 A         B        C        D         E       F
            +---------+---------+-------+---------+---------+-------
      Total |  977573 |  884844 |  47.5 |    1715 |     979 |  36.3
            +---------+---------+-------+---------+---------+-------
        D:1 |      56 |       0 |   0.0 |      25 |       0 |   0.0
        D:2 |      36 |      11 |  23.4 |       6 |       7 |  53.8
        D:3 |     108 |       0 |   0.0 |      23 |       0 |   0.0
        D:4 |     475 |     834 |  63.7 |      22 |       7 |  24.1
        D:5 |     467 |     617 |  56.9 |      17 |       1 |   5.6
        D:6 |    1250 |       0 |   0.0 |      33 |       0 |   0.0
        D:7 |    1295 |     287 |  18.1 |      33 |       3 |   8.3
        D:8 |    1641 |     652 |  28.4 |      23 |       9 |  28.1
        D:9 |     881 |      12 |   1.3 |      14 |       1 |   6.7
       D:10 |    3878 |     796 |  17.0 |      36 |       1 |   2.7
       D:11 |    4501 |    2986 |  39.9 |      35 |      38 |  52.1
       D:12 |    3374 |       0 |   0.0 |      14 |       0 |   0.0
       D:13 |    4185 |    2616 |  38.5 |      33 |       5 |  13.2
       D:14 |   10059 |       0 |   0.0 |      41 |       0 |   0.0
       D:15 |   12697 |    5234 |  29.2 |      42 |       6 |  12.5
     Lair:1 |    3678 |       0 |   0.0 |      16 |       0 |   0.0
     Lair:2 |    2536 |    2435 |  49.0 |      15 |      16 |  51.6
     Lair:3 |    2555 |    1357 |  34.7 |      13 |       4 |  23.5
     Lair:4 |    6456 |    1389 |  17.7 |      21 |       3 |  12.5
     Lair:5 |    3452 |     802 |  18.9 |      12 |       4 |  25.0
     Lair:6 |   14186 |    5612 |  28.3 |      44 |      13 |  22.8
   Shoals:1 |   13702 |    7117 |  34.2 |      30 |      13 |  30.2
   Shoals:2 |   18592 |       0 |   0.0 |      33 |       0 |   0.0
   Shoals:3 |   15266 |   20473 |  57.3 |      33 |      22 |  40.0
   Shoals:4 |   12121 |   29713 |  71.0 |      22 |      38 |  63.3
   Spider:1 |   17070 |       0 |   0.0 |      49 |       0 |   0.0
   Spider:2 |   18465 |       0 |   0.0 |      41 |       0 |   0.0
   Spider:3 |    9268 |       0 |   0.0 |      30 |       0 |   0.0
   Spider:4 |    7904 |   36928 |  82.4 |      24 |      70 |  74.5
    Slime:1 |    5983 |       0 |   0.0 |      12 |       0 |   0.0
    Slime:2 |   11493 |       0 |   0.0 |      25 |       0 |   0.0
    Slime:3 |   15542 |       0 |   0.0 |      22 |       0 |   0.0
    Slime:4 |    3991 |    2627 |  39.7 |       8 |       1 |  11.1
    Slime:5 |   16421 |   28105 |  63.1 |      43 |       9 |  17.3
      Orc:1 |    3385 |     126 |   3.6 |      39 |       3 |   7.1
      Orc:2 |    2839 |    9419 |  76.8 |      15 |      51 |  77.3
      Elf:1 |   24339 |    6322 |  20.6 |      37 |      10 |  21.3
      Elf:2 |    1893 |   23236 |  92.5 |       3 |      30 |  90.9
   Vaults:1 |   31067 |   15689 |  33.6 |      60 |      22 |  26.8
   Vaults:2 |   40735 |   14948 |  26.8 |      59 |      20 |  25.3
   Vaults:3 |   39537 |   17989 |  31.3 |      51 |      21 |  29.2
   Vaults:4 |   52275 |  100722 |  65.8 |      97 |      92 |  48.7
   Vaults:5 |   14386 |   38538 |  72.8 |      24 |      30 |  55.6
    Crypt:1 |   25312 |   26938 |  51.6 |      39 |      31 |  44.3
    Crypt:2 |   21165 |   17697 |  45.5 |      29 |      15 |  34.1
    Crypt:3 |   12241 |   36557 |  74.9 |      23 |      51 |  68.9
   Depths:1 |   47314 |    8957 |  15.9 |      63 |      15 |  19.2
   Depths:2 |     811 |   91036 |  99.1 |       3 |      88 |  96.7
   Depths:3 |   32473 |   51566 |  61.4 |      38 |      57 |  60.0
   Depths:4 |   57424 |   13515 |  19.1 |      46 |      10 |  17.9
   Depths:5 |   56437 |   22844 |  28.8 |      40 |      18 |  31.0
      Zot:1 |   42432 |   39420 |  48.2 |      27 |      41 |  60.3
      Zot:2 |   66124 |       0 |   0.0 |      38 |       0 |   0.0
      Zot:3 |   61056 |       0 |   0.0 |      37 |       0 |   0.0
      Zot:4 |   64545 |    4222 |   6.1 |      34 |       1 |   2.9
      Zot:5 |   36199 |  186522 |  83.7 |      23 |      43 |  65.2
    Ossuary |       0 |     527 | 100.0 |       0 |      37 | 100.0
      IceCv |       0 |    7451 | 100.0 |       0 |      22 | 100.0
            +---------+---------+-------+---------+---------+-------

Levels and vault maps discovered:
D:1:      wander_arrival_desolate, layout_loops_ring,
          chequers_serial_rivers_micro_a, serial_park_tiny_2, tso_metal_star
D:2:      minmay_inner_zag, layout_basic, yredelemnul_forgotten_temple_becter,
          led_sif_pool, minitemple, nicolae_qazlal_general_emergency,
          okawaru_gym_becter, first_ration, corexii_shack
D:3:      layout_rooms
D:4:      minmay_diamond_boxcup, layout_basic, old_standard_altar,
          minmay_misc_feat_plants, dk_noncrumbling_3, fedhas_altar_fruit_tree,
          uniq_edmund, uniq_grinder
D:5:      layout_basic, minmay_temple_entry_crystal_x,
          nicolae_ossuary_entry_plus, hangedman_decor_push, minivault_19,
          nemelex_lonely_heart_becter, uniq_pikel, uniq_prince_ribbit1
D:6:      layout_gridville
D:7:      layout_basic, vehumet_altar_wand_db, kennysheep_mini, grunt_ogre_cave,
          minivault_27, uniq_menkaure
D:8:      layout_loops_ring, erik_lair_orcish_takeover,
          yredelemnul_altar_generic
D:9:      layout_basic, hangedman_ru_absence, lemuel_round_altar,
          grunt_dithmenos_shadows
D:10:     layout_roguey, ebering_ghost_inner_flame
D:11:     layout_rooms, kennysheep_orc_monster_closet_entryway, serial_shops,
          shop, gammafunk_ghost_nasty_kobolds, moated_statue, minivault_7,
          uniq_nergalle
D:12:     layout_rooms
D:13:     layout_stronghold, david_vaults_4
D:14:     layout_cave_pods
D:15:     hangedman_depths_entry_civil_slaughter, layout_irregular_city,
          minmay_misc_feat_four_crosses
Lair:1:   layout_long_grid, ebering_ghost_xom, chequers_serial_rivers_room_b,
          nicolae_quartered_pool_medium
Lair:2:   layout_loops_ring, minmay_shoals_entry_centaurs, beast_lair_carwin_7
Lair:3:   layout_hall_layers, dummy_spider_entry, ebering_ghost_inner_flame,
          beast_lair_carwin_2, lemuel_fruit_tree
Lair:4:   layout_long_grid, gauntlet_entry_generic, grunt_megastairs_2
Lair:5:   layout_regular_city, minmay_slime_entry_pillars
Lair:6:   due_jungle_book, layout_long_grid, hangedman_lair_generics_rect
Shoals:1: layout_shoals, gammafunk_ghost_tricky_traps, regret_index_shoals_crete
Shoals:2: layout_shoals
Shoals:3: layout_shoals, st_shoals_ruin, uniq_polyphemus, uniq_donald,
          uniq_ilsuiw
Shoals:4: shoals_end_grunt_ice, layout_shoals, uniq_bai_suzhen, uniq_kirke
Spider:1: layout_spider_delve
Spider:2: layout_spider_delve
Spider:3: layout_spider_delve
Spider:4: floodkiller_spider_rune_tomb
Slime:1:  layout_caves
Slime:2:  layout_caves
Slime:3:  layout_caves
Slime:4:  layout_caves
Slime:5
Orc:1:    layout_diamond_mine, david_defended_altar_orc
Orc:2:    grunt_orc_tribal_feast, layout_caves, minmay_orc_temple_c
Elf:1:    eino_elf_arrival_customs, layout_geoelf_diagonals,
          portal_ice_cave_entry_pillars_three, kennysheep_underground_church,
          nicolae_elf_m_pinch, minmay_misc_feat_rows,
          roderic_lattice_octagonal_star
Elf:2:    layout_geoelf_octagon, serial_co_window_serial, co_window_paths_b,
          co_window_paths_a, co_window_paths_a, co_window_corner_a,
          co_window_cross_1, co_window_2corner, co_window_2corner,
          co_window_of_opportunity_c, glass_columns_a, serial_shops, statue_bzr,
          shop_fountains, shop_statue, nicolae_shop_crystal, shop
Vaults:1: v_pattern_4, vaults_room_grunt_arrival_checkpoint,
          nicolae_vaults_what_the_h, ontoclasm_vaults_decontamination,
          vaults_standard_mumra_x, nicolae_vaults_circle_grid_a,
          layout_vaults_omnigrid, uniq_asterion
Vaults:2: minmay_crypt_entry_necro_gods, nicolae_vaults_quadrants,
          nicolae_vaults_alarming, grunt_vaults_swirl, hangedman_vaults_locks,
          vaults_room_door_hall, layout_vaults_big_cross
Vaults:3: hangedman_vaults_hard_town_square, ontoclasm_vaults_pinch, v_misc_8,
          nicolae_vaults_little_squares_4, vaults_room_fours,
          vaults_room_semicircle, v_rooms_2, v_misc_27, layout_vaults_big_room,
          nicolae_trove_entry_diagonal, serial_shops, nicolae_shop_trees,
          uniq_jory
Vaults:4: nicolae_vaults_puzzle_piece, hangedman_vaults_pinch,
          nicolae_vaults_circle_grid_b, vaults_room_grid,
          nicolae_vaults_network_quinsquares
          [nicolae_vaults_network_quincunx_subvault,
          nicolae_vaults_network_quincunx_subvault,
          nicolae_vaults_network_quincunx_subvault,
          nicolae_vaults_network_quincunx_subvault],
          nicolae_vaults_network_barrier, nicolae_vaults_puzzle_piece,
          nicolae_vaults_border_crossing, nicolae_vaults_murderbox,
          vaults_dpeg_encased_lava, vaults_mumra_chevron_long,
          layout_vaults_maze_bifur
Vaults:5
Crypt:1:  grunt_deathspiral_small, layout_rooms
Crypt:2:  layout_catacombs
Crypt:3:  due_elkab, layout_chaotic_city, small_statue_intersection, uniq_khufu
Depths:1: layout_roguey, grunt_hell_entry_dis_old, serial_shops, shop,
          gammafunk_ghost_berserking_beasts, corexii_corridor_pit, minislime_mu,
          minmay_shop_grove, grunt_megastairs_4, serial_bayou_shore_a,
          firewood_loft, serial_bayou_shore_b
Depths:2: hangedman_spin_cycle, hell_entry
Depths:3: lemuel_castle_with_subvaults [lemuel_castle_interior_original],
          layout_gridlike, pan_entry, pf_hell_entry_tar_spiral,
          minmay_misc_feat_square, minmay_librarian, serial_bayou_shore_b
Depths:4: minmay_bloctagon_deflated, layout_gridlike, hell_entry,
          abyss_entry_crystal, kennysheep_random_hallway,
          infiniplex_staircase_pool_1
Depths:5: grunt_zot_entry_tricorne, layout_honeycomb, serial_shops, shop,
          hell_entry, grunt_decor_cap, guppyfry_shop_earth
Zot:1:    lemuel_acid_trip, layout_onion_interference, grunt_ministairs_2
Zot:2:    layout_misc_corridors
Zot:3:    layout_basic
Zot:4:    layout_gridville, st_single_dragon_hoard_1
Zot:5:    layout_concentric_octagons

Table legend:
 A = Turns spent in this place as a percentage of turns spent in the entire game.
 B = Non-inter-level travel turns spent in this place as a percentage of non-inter-level travel turns spent in the entire game.
 C = Inter-level travel turns spent in this place as a percentage of turns spent in this place.
 D = Turns resting spent in this place as a percentage of non-inter-level travel turns spent in this place.
 E = Turns spent auto-exploring this place as a percentage of non-inter-level travel turns spent in this place.
 F = Non-inter-level travel turns spent in this place divided by the number of levels of this place that you've seen.
                   A       B       C       D       E      F
               +-------+-------+-------+-------+-------+----------------------
         Total | 100.0 | 100.0 |  12.6 |  17.2 |  48.7 | 1177.0
       Dungeon |  23.0 |  20.8 |  20.7 |  16.1 |  57.5 | 963.8
          Lair |   9.2 |   8.8 |  15.5 |  10.3 |  65.3 | 1024.0
        Shoals |   6.9 |   7.6 |   3.9 |   9.8 |  55.9 | 1326.0
   Spider Nest |   6.7 |   7.0 |   9.0 |   2.7 |  58.0 | 1208.0
    Slime Pits |   3.5 |   3.9 |   4.3 |  35.8 |  28.3 | 539.0
  Orcish Mines |   2.6 |   2.3 |  25.1 |   3.2 |  51.3 | 782.0
   Elven Halls |   3.7 |   4.0 |   6.0 |  10.2 |  59.0 | 1388.5
        Vaults |  13.6 |  13.6 |  12.9 |  18.7 |  41.4 | 1887.2
         Crypt |   5.8 |   6.2 |   5.1 |  24.0 |  41.6 | 1446.3
        Depths |  11.4 |  10.8 |  17.0 |  11.3 |  47.7 | 1499.6
           Zot |  12.4 |  13.6 |   4.2 |  34.6 |  31.2 | 1893.2
        Bazaar |   0.1 |   0.1 |   0.0 |   0.0 |  96.5 |  85.0
       Ossuary |   0.6 |   0.7 |   0.0 |   0.0 |  38.5 | 493.0
      Ice Cave |   0.4 |   0.5 |   0.0 |  20.5 |   7.1 | 352.0
               +-------+-------+-------+-------+-------+----------------------

Table legend:
 A = Kills in this place as a percentage of kills in entire the game.
 B = Kills by you in this place as a percentage of kills by you in the entire game.
 C = Kills by friends in this place as a percentage of kills by friends in the entire game.
 D = Other kills in this place as a percentage of other kills in the entire game.
 E = Experience gained in this place as a percentage of experience gained in the entire game.
 F = Experience gained in this place divided by the number of levels of this place that you have seen.
                   A       B       C       D       E      F
               +-------+-------+-------+-------+-------+----------------------
         Total | 100.0 | 100.0 |   N/A | 100.0 | 100.0 | 32153.6
       Dungeon |  17.6 |  17.7 |   N/A |   0.0 |   3.3 | 4134.4
          Lair |   6.0 |   6.0 |   N/A |   0.0 |   2.3 | 7409.7
        Shoals |   7.1 |   7.0 |   N/A |  14.3 |   6.2 | 29246.0
   Spider Nest |   7.9 |   7.9 |   N/A |  14.3 |   4.7 | 22408.8
    Slime Pits |   4.4 |   4.4 |   N/A |   0.0 |   4.4 | 16832.4
  Orcish Mines |   4.0 |   4.0 |   N/A |   0.0 |   0.8 | 7884.5
   Elven Halls |   3.0 |   2.9 |   N/A |  28.6 |   2.9 | 27895.0
        Vaults |  17.6 |  17.5 |   N/A |  42.9 |  19.3 | 73177.2
         Crypt |   7.0 |   7.0 |   N/A |   0.0 |   7.4 | 46636.7
        Depths |  14.2 |  14.2 |   N/A |   0.0 |  21.2 | 80394.8
           Zot |   9.2 |   9.2 |   N/A |   0.0 |  27.0 | 102500.4
       Ossuary |   1.4 |   1.4 |   N/A |   0.0 |   0.0 | 527.0
      Ice Cave |   0.8 |   0.8 |   N/A |   0.0 |   0.4 | 7451.0
               +-------+-------+-------+-------+-------+----------------------
